 Dungeon Crawl Stone Soup version 0.20-a0-893-g832831a (webtiles) character file.

35 Denreik the Skirmisher (level 3, -2/29 HPs)
             Began as a Formicid Abyssal Knight on Mar 18, 2017.
             Was a Follower of Lugonu.
             Slain by a small abomination (10 damage)
             ... on level 2 of the Abyss.
             The game lasted 00:05:46 (480 turns).

Denreik the Skirmisher (Formicid Abyssal Knight)     Turns: 480, Time: 00:05:47

Health: -2/29      AC:  3    Str: 16    XL:     3   Next: 52%
Magic:  4/4        EV: 12    Int: 11    God:    Lugonu [*.....]
Gold:   14         SH:  0    Dex: 11    Spells: 2/2 levels left

rFire    . . .     SeeInvis +   a - +1 spear
rCold    . . .     Gourm    .   b - +0 leather armour
rNeg     . . .     Faith    .   (no shield)
rPois    .         Spirit   .   (helmet unavailable)
rElec    .         Reflect  .   (no cloak)
rCorr    .         Harm     .   (no gloves)
MR       .....                  (no boots)
Stlth    ..........             (no amulet)
Regen    0.1/turn               k - ring of loudness (curse)
MPRegen  0.1/turn               j - ring of see invisible

@: confused
A: permanent stasis, dig shafts and tunnels, four strong arms, antennae 3
a: Dig, Shaft Self, Depart the Abyss, Renounce Religion


You were on level 2 of the Abyss.
You worshipped Lugonu.
Lugonu was aware of your devotion.
You were not hungry.

You visited 0 branches of the dungeon, and saw 0 of its levels.
You visited the Abyss 1 time.

You collected 14 gold pieces.

Inventory:

Hand Weapons
 a - a +1 spear (weapon)
 e - a +0 hunting sling
Missiles
 d - 39 bolts
Armour
 b - a +0 leather armour (worn)
Jewellery
 j - a ring of see invisible (left hand)
 k - a cursed ring of loudness (right hand)
Comestibles
 c - a bread ration
 f - a meat ration
 g - 2 fruits


   Skills:
 - Level 3.2 Fighting
 - Level 2.0 Polearms
 - Level 2.1 Armour
 * Level 2.0 Dodging
 * Level 2.6 Stealth
 - Level 2.1 Invocations


You had 2 spell levels left.
You didn't know any spells.

Dungeon Overview and Level Annotations

Branches:
Dungeon (0/15)

Altars:


Innate Abilities, Weirdness & Mutations

You cannot be hasted, slowed, berserked, paralysed or teleported.
You can dig through walls and to a lower floor.
Your four strong arms can wield two-handed weapons with a shield.
You have a pair of large antennae on your head. (SInv)


Message History

As you read the scroll labeled ZUNTOE OCENT, it crumbles to dust.
It is a scroll of identify.
i - a potion of ambrosia A small abomination comes into view.
You barely miss the small abomination.
The small abomination closely misses you.
The small abomination hits you.
You closely miss the small abomination. The small abomination hits you!
Okay, then.
The small abomination barely misses you.
The small abomination hits you.
* * * LOW HITPOINT WARNING * * *
Found 24 sling bullets.
The small abomination hits you.
* * * LOW HITPOINT WARNING * * *
You are confused.
You feel invigorated.
The small abomination hits you but does no damage.
You bump into the rock wall.
The small abomination hits you!
You die...

.. . ...# ## .#
.#.#.##(## #
#.##....#....
...##..#.....#.. .
..#............. .
..###..........#. #.
#.#.#..........#...
.#..... .#@.....#..
#...#...###x.....#....#
#......#.x...#...#...
##...........#.......# .#
##................ . #.#.
..........._......... #.#
.##......##....#...#..#..
###...###...##...#...#
x##.....#..... ... ...#.#


You could see 2 small abominations.

Vanquished Creatures
  A crimson imp (Abyss:1)
1 creature vanquished.

Notes
Turn   | Place    | Note
-------+----------+-------------------------------------------
     0 | Abyss:1  | Denreik the Formicid Abyssal Knight began the quest for the Orb.
     0 | Abyss:1  | Reached XP level 1. HP: 18/18 MP: 2/2
   139 | Abyss:1  | Noticed a crimson imp
   147 | Abyss:1  | Noticed a large abomination
   152 | Abyss:1  | Noticed a starcursed mass
   214 | Abyss:1  | Killed a crimson imp
   214 | Abyss:1  | Reached XP level 2. HP: 13/24 MP: 3/3
   214 | Abyss:1  | Reached XP level 3. HP: 15/29 MP: 4/4
   254 | Abyss:1  | Noticed a small abomination
   277 | Abyss:1  | Noticed a large abomination
   293 | Abyss:1  | Noticed an angel
   304 | Abyss:1  | Noticed a raiju
   425 | Abyss:2  | Found a corrupted altar of Lugonu.
   431 | Abyss:2  | Noticed a small abomination
   456 | Abyss:2  | Noticed a small abomination
   480 | Abyss:2  | Slain by a small abomination

Vault maps used:

Skill      XL: |  1 |
---------------+----+-----
Dodging        | 2 |  2.0
Stealth        | 2 |  2.6
Fighting       | |  3.2
Polearms       | |  2.0
Armour         | |  2.1
Invocations    | |  2.1

Action                   || total
-------------------------++-------
Melee: Spear             ||    30
  Use: Scroll            ||     1
       Potion            ||     1
Armor: Leather armour    ||     6
Dodge: Dodged            ||    15
